 Dungeon Crawl Stone Soup version 0.28.0-1-gb440e238dd (webtiles) character file.

Game seed: 13339575838667378561

9 spaghetti the Sneak (level 2, 0/24 HPs)
             Began as a Demonspawn Delver on Feb 19, 2022.
             Splashed by a jelly's acid (7 damage)
             ... on level 6 of the Dungeon.
             The game lasted 00:00:17 (110 turns).

spaghetti the Sneak (Demonspawn Delver)              Turns: 110, Time: 00:00:18

Health: 0/24       AC: -1    Str: 12    XL:     2   Next: 3%
Magic:  2/2        EV: 11    Int: 11    God:
Gold:   0          SH:  0    Dex: 14    Spells: 1/1 levels left

rFire   . . .      SeeInvis .   a - +0 short sword
rCold   . . .      Faith    .   (no shield)
rNeg    . . .      Spirit   .   b - +0 leather armour
rPois   .          Reflect  .   (no helmet)
rElec   .          Harm     .   (no cloak)
rCorr   .          Rampage  .   (no gloves)
Will    .....                   (no boots)
Stlth   +++.......              (no amulet)
HPRegen 0.08/turn               (no ring)
MPRegen 0.08/turn               (no ring)

@: corroded
A: spiny 1
a: no special abilities


You were on level 6 of the Dungeon.
You visited 1 branch of the dungeon, and saw 2 of its levels.

Inventory:

Hand Weapons
 a - a +0 short sword (weapon)
Armour
 b - a +0 leather armour (worn)
Wands
 g - a wand of digging (3)
Scrolls
 c - a scroll of fog
 d - a scroll of magic mapping
 e - a scroll of fear
 h - a scroll of identify {unknown}
Potions
 f - a potion of haste


   Skills:
 - Level 3.0 Fighting
 - Level 1.7 Short Blades
 - Level 1.7 Dodging
 + Level 5.0 Stealth


You had one spell level left.
You didn't know any spells.
Your spell library was empty.

Dungeon Overview and Level Annotations

Branches:
Dungeon (6/15)
 Temple: D:4-7

Altars:


Innate Abilities, Weirdness & Mutations

You are partially covered in sharp spines.


Message History

You are too injured to fight recklessly!
You are too injured to fight recklessly!
You are too injured to fight recklessly!
You closely miss the adder.
You feel sick. The adder barely misses you.
Okay, then.
You hit the adder.
The adder is severely wounded.
You feel sick. The adder barely misses you.
You closely miss the adder.
The adder is severely wounded.
You feel sick.
The adder bites you but does no damage. x2
You hit the adder.
You kill the adder!
You feel sick.
Your Stealth skill increases to level 5!
You have reached level 2!
Your demonic ancestry asserts itself...
Sharp spines emerge from parts of your body.
h - a scroll labelled MANEDA KAOSA You feel sick.
You start resting.
You feel sick.
You are no longer poisoned.
You start resting.
You hear the slow rusting of a very distant drain.
You start resting.
You hear the slow rusting of a very distant drain.
A jelly comes into view.
Found a scroll labelled BAPNUCH HASAN.
Found a scroll labelled MANEDA KAOSA.
Found 24 stones.
You enter the shallow water.
Moving in this stuff is going to be slow.
Found a stone staircase leading down.
The helpless jelly fails to defend itself.
You puncture the jelly!
Your hands burn!
The jelly is severely wounded.
The jelly hits you.
* * * LOW HITPOINT WARNING * * *
The acid corrodes you!
You are splashed with acid!
You die...

###..♣♣.......
#....................>.
#.......≈≈≈≈ ≈.........
#......≈≈### ≈≈........
#......≈## #≈.....♣..
#.♣.....≈# #≈...(♣...
#..♣....≈# #≈.....♣..
..♣.....≈## ##≈.J......
........≈≈####≈≈@.......
.........≈≈≈≈≈≈.........
........................
.##..♣♣..........♣♣..#..
..... ♣...$......♣ .## #
#####..............##
#.......♣....??#
#......♣.♣...###
#........#...#


You could see a jelly.

Vanquished Creatures
  An adder (D:6)
1 creature vanquished.

Notes
Turn   | Place    | Note
-------+----------+-------------------------------------------
     0 | D:5      | spaghetti the Demonspawn Delver began the quest for the
                  | Orb.
     0 | D:5      | Reached XP level 1. HP: 18/18 MP: 1/1
    22 | D:6      | Reached skill level 5 in Stealth
    22 | D:6      | Gained mutation: You are partially covered in sharp spines.
                  | [demonic ancestry]
    22 | D:6      | Reached XP level 2. HP: 7/24 MP: 2/2
   110 | D:6      | Splashed by a jelly's acid

Illustrated notes

Levels and vault maps discovered:
D:5:      layout_basic, st_stairs_14
D:6:      layout_basic, minmay_temple_entry_statues, gup_sewer_entry_pipe,
          gammafunk_ghost_arena, kennysheep_decorative_pillar,
          uniq_blork_the_orc

Skill      XL: |  1 |
---------------+----+-----
Stealth        | 5 |  5.0
Fighting       | |  3.0
Short Blades   | |  1.7
Dodging        | |  1.7

Action                   || total
-------------------------++-------
Melee: Short sword       ||    11
 Stab: Sleeping          ||     1
Armor: Leather armour    ||     5
Dodge: Dodged            ||     6
